 Dungeon Crawl Stone Soup version 0.31-a0-523-g071a6c1ffa (webtiles) character file.

Game seed: 51735126966225932

436 Gargoyl the Chopper (level 7, -2/44 HPs)
             Began as a Gargoyle Berserker on Aug 11, 2023.
             Was a Believer of Trog.
             Slain by a gnoll
             ... wielding a +0 halberd
             ... led by a gnoll bouda
              (7 damage)
             ... on level 5 of the Dungeon.
             The game lasted 00:04:12 (3750 turns).

Gargoyl the Chopper (Gargoyle Berserker)            Turns: 3750, Time: 00:04:12

Health: -2/44      AC: 11    Str: 21    XL:     7   Next: 1%
Magic:  7/7        EV:  6    Int:  7    God:    Trog [**....]
Gold:   272        SH:  0    Dex: 11    Spells: 6/6 levels left

rFire   . . .        l - +1 war axe
rCold   . . .        (no shield)
rNeg    + . .        u - +0 ring mail
rPois   ∞            e - +0 helmet
rElec   +            (no cloak)
rCorr   .            (no gloves)
SInv    +            (no boots)
Will    ++...        (no amulet)
Stlth   +            s - ring of see invisible
HPRegen 1.27/turn    (no ring)
MPRegen 0.10/turn

%: no passive effects
@: brilliant, strong-willed, on berserk cooldown, held, regenerating, slowed,
very slow
A: sickness immunity, AC +4, negative energy resistance 1, electricity
resistance, torment resistance 1, petrification resistance
a: Renounce Religion, Berserk, Trog's Hand


You were on level 5 of the Dungeon.
You worshipped Trog.
Trog was pleased with you.
You visited 1 branch of the dungeon, and saw 5 of its levels.

You collected 272 gold pieces.

Inventory:

Hand Weapons
 a - a +0 hand axe
 l - a +1 war axe (weapon)
Missiles
 o - 2 javelins (quivered)
Armour
 e - a +0 helmet (worn)
 u - a +0 ring mail (worn)
Jewellery
 r - an amulet of magic regeneration
 s - a ring of see invisible (left hand)
 t - a +5 ring of evasion
Wands
 q - a wand of charming (10)
Scrolls
 i - a scroll of teleportation
 j - a scroll of poison
 n - 2 scrolls of butterflies
 w - a scroll of revelation
Potions
 b - a potion of resistance
 c - 2 potions of might
 d - 3 potions of brilliance
 f - 2 potions of degeneration {unknown}
 g - a potion of attraction {unknown}
 h - 2 potions of mutation {unknown}
 k - a potion of heal wounds {unknown}
 m - 2 potions of enlightenment {unknown}
 p - 3 potions of haste {unknown}
 v - 3 potions of curing {unknown}


   Skills:
 + Level 4.6 Fighting
 + Level 5.3 Axes
 + Level 3.2 Armour
 + Level 2.7 Dodging
 + Level 1.2 Stealth


You had 6 spell levels left.
You didn't know any spells.
Your spell library was empty.

Dungeon Overview and Level Annotations

Branches:
Dungeon (5/15)             Temple (0/1) D:4

Altars:
Gozag
Qazlal


Innate Abilities, Weirdness & Mutations

You are immune to sickness and miasma.
Your stone body is resilient. (AC +4)
You are immune to poison.
You resist negative energy. (rN+)
You are resistant to electric shocks. (rElec)
You are resistant to unholy torment.
You are immune to petrification.


Message History

You rip the net and break free!
The orc closely misses you. The gnoll barely misses you.
The gnoll completely misses you. The orc hits you but does no damage.
The orc barely misses you. The orc closely misses you.
Unknown command.
You barely miss the orc. You hit the orc. x2; You slash the orc!
You kill the orc!
Trog accepts your kill.
The gnoll hits you from afar with a +0 halberd!
* * * LOW HITPOINT WARNING * * *
The gnoll hits you from afar with a +0 spear.
* * * LOW HITPOINT WARNING * * *
The orc hits you but does no damage. The orc barely misses you. x2
You slash the orc!
You kill the orc!
Trog accepts your kill.
You barely miss the orc. You hit the orc. You slash the orc!
You kill the orc!
Trog accepts your kill. The gnoll closely misses you.
The orc hits you but does no damage. The gnoll closely misses you.
You have reached level 7!
You slash the orc!
You kill the orc!
Trog accepts your kill.
You barely miss the orc. The gnoll barely misses you.
The orc hits you but does no damage.
The gnoll throws a throwing net.
The throwing net hits you.
You become entangled in the net!
An orc comes into view. It is wielding a +0 mace.
You struggle against the net.
You are no longer berserk.
You are exhausted.
You feel yourself slow down.
Unknown command.
It was a potion of brilliance.
You feel clever all of a sudden.
The gnoll hits you from afar with a +0 spear.
* * * LOW HITPOINT WARNING * * *
The gnoll hits you from afar with a +0 halberd!
You die...

.#.......# o.........
#.......# #.......
.#.......####.#
≈≈≈≈≈.#.#gg.. #≈..o)g#
##≈#o@## #≈≈#...# #.#
#≈≈###.# #.# #≈≈#...#
#.# #### #≈#..## #.#
#≈≈≈##≈†..# #.#
≈≈≈≈≈≈≈.#.# #.#
####.##.#.# #.#
##.##...#####.##########


You could see 3 gnolls and 3 orcs.

Vanquished Creatures
  A water moccasin (D:5)
  A scorpion (D:5)
  A howler monkey (D:4)
  An orc priest (D:3)
  A hound (D:4)
  3 gnolls (D:4)
  4 adders
  An ufetubus (D:5)
  A worm (D:2)
  4 dart slugs
  13 orcs
  4 bats
  7 endoplasms
  5 giant cockroaches
  4 goblins
  4 hobgoblins
  3 jackals (D:4)
  6 kobolds
  2 quokkas (D:3)
  7 ball pythons
  A frilled lizard (D:2)
  7 rats
81 creatures vanquished.

Notes
Turn   | Place    | Note
-------+----------+-------------------------------------------
     0 | D:1      | Gargoyl the Gargoyle Berserker began the quest for the Orb.
     0 | D:1      | Reached XP level 1. HP: 14/14 MP: 1/1
   114 | D:1      | Reached XP level 2. HP: 12/19 MP: 2/2
   190 | D:1      | Reached skill level 3 in Axes
   816 | D:1      | Reached XP level 3. HP: 24/24 MP: 3/3
  1442 | D:2      | Reached ** piety under Trog
  1752 | D:3      | Reached XP level 4. HP: 29/29 MP: 4/4
  1943 | D:3      | Reached skill level 4 in Axes
  2286 | D:3      | Found a stormy altar of Qazlal.
  2757 | D:4      | Reached XP level 5. HP: 33/33 MP: 5/5
  2801 | D:4      | Found a staircase to the Ecumenical Temple.
  3053 | D:4      | Found an opulent altar of Gozag.
  3209 | D:4      | Reached XP level 6. HP: 17/38 MP: 6/6
  3501 | D:5      | Entered Level 5 of the Dungeon
  3533 | D:5      | Reached skill level 5 in Axes
  3617 | D:5      | Reached skill level 1 in Stealth
  3675 | D:5      | Noticed a water moccasin
  3681 | D:5      | Killed a water moccasin
  3748 | D:5      | Reached XP level 7. HP: 10/44 MP: 7/7
  3750 | D:5      | Slain by a gnoll

Illustrated notes

Levels and vault maps discovered:
D:1:      heliophobic_arrival_enchanted_forest, layout_basic,
          minmay_misc_feat_diagonals, st_stairs_8
D:2:      layout_basic
D:3:      layout_loops_ring, mainiacjoe_overflow_small_starburst, minivault_27
D:4:      layout_gridville, grunt_gozag_statues, temple_fountains
D:5:      layout_loops_ring, serial_shops, shop, hangedman_decor_push,
          lightli_minifort

Skill      XL: |  1  2  3  4  5  6 |
---------------+-------------------+-----
Axes           | 3 4 5 |  5.3
Dodging        | 2 |  2.7
Fighting       | 4 |  4.6
Stealth        | 1 |  1.2
Armour         | 3 |  3.2

Action                     |  1- 3 |  4- 6 |  7- 9 || total
---------------------------+-------+-------+-------++-------
  Melee: Hand axe          |    93 |       |       ||    93
         War axe           |     8 |   115 |     1 ||   124
 Invoke: Berserk           |     1 |     5 |       ||     6
         Trog's Hand       |       |     1 |       ||     1
    Use: Scroll            |     6 |     6 |       ||    12
         Potion            |       |       |     1 ||     1
   Stab: Sleeping          |       |     2 |       ||     2
 Armour: Animal skin       |    28 |     2 |       ||    30
         Ring mail         |       |    58 |     1 ||    59
  Dodge: Dodged            |    68 |    95 |     1 ||   164

Table legend: (Time is in decaauts)
 A = Elapsed time spent in this place.
 B = Non-inter-level travel time spent in this place.
 C = Inter-level travel time spent in this place.
 D = Time resting spent in this place.
 E = Time spent auto-exploring this place.
 F = Levels seen in this place.
 G = Mean time per level.
                   A        B        C        D        E       F      G
               +--------+--------+--------+--------+--------+-----+--------+
         Total |   3849 |   3667 |    182 |    188 |   2648 |   5 |  769.8 |
       Dungeon |   3849 |   3667 |    182 |    188 |   2648 |   5 |  769.8 |
               +--------+--------+--------+--------+--------+-----+--------+

Top non-repeatable levels by time:
     D:1: 977 daAuts
     D:3: 949 daAuts
     D:4: 889 daAuts
     D:2: 768 daAuts
     D:5: 264 daAuts
